cohdb
Replays
Latest Replays
All Replays
Popular Replays
Top Player Replays
Match Explorer
How It Works
Community
CoH3 Stats
Reddit
Sign in to upload your games and track your stats! →
Sign in with Steam
Match 42327791
Unlisted
Match 42327791
Overview
Messages
Build Orders
End
Kradschützen Motorcycle Team
Selects Armored Support Battlegroup
Panzerpioneer Squad
250 Light Carrier
Construct Light Support Kompanie
Panzerjäger Squad
Combat Half-tracks
Assault Grenadier Squad
2.5-tonne Medical Truck
Assault Mechanized Group
MG34 Team
Selects Superior Fire Drills
Fire Support Elements
Flakvierling Half-track
Selects Flammpanzer III Medium Tank
Construct Panzerarmee Kommand
Vehicle Survival Package
Pak 38 Mechanized Group
Panzer III L Medium Tank
Drone Operator
simranjitsingh713
Taterbait
Mr.JackYeo
0
0
Comments
sign in to comment!
No comments posted yet!